[Event "*** Titled Tuesday Blitz"]
[Site "Chess.com"]
[Date "2020.12.01"]
[Round "5"]
[White "tk22h"]
[Black "kkpanu9"]
[Result "1-0"]
[WhiteElo "2328"]
[BlackElo "2109"]
[TimeControl "180+1"]
[EndTime "10:53:53 PST"]
[Termination "tk22h won on time"]

1. d4 Nf6 2. Nf3 e6 3. g3 d5 4.
Bg2 Be7 5. c4 c6 6. O-O O-O 7.
Qc2 Nbd7 8. Bf4 Nh5 9. Nbd2 Nxf4 10. gxf4 Nf6 11. e3 b6 12. Ne5 Bb7 13. Rab1 Rc8 14.
b4 Nd7 15. Ndf3 f6 16. Nd3 Qc7 17. Rfc1 c5 18. bxc5 bxc5 19. Nxc5 Nxc5 20. dxc5 Bxc5 21. Qb3 Bc6 22. Nd2 Rb8 23. Qd3 Rxb1 24. Qxb1 d4 25. Bxc6 Qxc6 26. Qe4 Qd6 27. Nb3 e5 28. fxe5 fxe5 29.
Qd5+ Qxd5 30. cxd5 Bb6 31. exd4 exd4 32. Rd1 d3 33. Rxd3 Rxf2 34. Kh1 Rxa2 35. d6 Kf7 36. Nd2 Ra1+ 37. Kg2 Ra2 38. Kf3 Ke8 39. Nc4 Bd8 40.
h3 a5 41. Ne5 a4 42. d7+ Kf8 43. Nc6 Be7 44. d8=Q+ Bxd8 45. Rxd8+ Kf7 46. Ra8 a3 47. Ne5+ Ke6 48. Nc4 Ra1 49. Rxa3 Rc1 50. Re3+ Kf6 51. Nd2 Rc4 52. Nxc4 1-0

[Event "*** Titled Tuesday Blitz"]
[Site "Chess.com"]
[Date "2020.12.01"]
[Round "5"]
[White "HrvojeZagreb"]
[Black "MashaFromRussia"]
[Result "0-1"]
[WhiteElo "2242"]
[BlackElo "2424"]
[TimeControl "180+1"]
[EndTime "10:53:55 PST"]
[Termination "MashaFromRussia won by resignation"]

1. d4 Nf6 2. Bf4 g6 3. Nc3 d5 4. e3 Bg7 5. h4 h5 6. Nf3 O-O 7. Qd2 c5 8. Nb5 Na6 9. Ne5 Ne4 10. Qc1 Qa5+ 11. c3 cxd4 12. exd4 Bf5 13. f3 Nd6 14.
Na3 Rac8 15. Kf2 f6 16. Nd3 e5 17. Bg3 Qb6 18. Nc2 Rfe8 19. a4 Bxd3 20. Bxd3 exd4 21.
Nxd4 f5 22. Bxd6 Bxd4+ 23. Kf1 Qxd6 24. Qg5 Bg7 25. g4 Nc5 26. Bc2 fxg4 27. Bxg6 Rf8 28. Qxh5 Rxf3+ 29. Ke2 Qe5+ 30. Kd2 Qxh5 31. Bxh5 Ne4+ 32.
Kc2 Nf6 33. Bg6 g3 34. Rhg1 d4 35. Bf5 Rxf5 36. Rxg3 dxc3 37. bxc3 Ne4 38. Rag1 0-1

[Event "*** Titled Tuesday Blitz"]
[Site "Chess.com"]
[Date "2020.12.01"]
[Round "5"]
[White "SantoBlue"]
[Black "Meri-Arabidze"]
[Result "1-0"]
[WhiteElo "2880"]
[BlackElo "2617"]
[TimeControl "180+1"]
[EndTime "10:53:56 PST"]
[Termination "SantoBlue won on time"]

1. e4 c5 2. Nf3 e6 3. d4 cxd4 4.
Nxd4 Nc6 5. Nc3 a6 6. g3 Nf6 7.
Bg2 Qc7 8. O-O Bc5 9. Be3 Ne5 10. h3 d6 11. Qe2 O-O 12. Rad1 Bd7 13. g4 b5 14. g5 Ne8 15. b3 Rc8 16. f4 Nc6 17.
Nxc6 Bxe3+ 18. Qxe3 Qxc6 19. Ne2 Qxc2 20. e5 d5 21. Nd4 Qxa2 22. f5 exf5 23. e6 fxe6 24. Nxe6 f4 25. Bxd5 Rf5 26. Rxf4 Rxf4 27. Qxf4 Nd6 28.
Nd8+ 1-0

[Event "*** Titled Tuesday Blitz"]
[Site "Chess.com"]
[Date "2020.12.01"]
[Round "5"]
[White "RamyresCoelho"]
[Black "arjwezhrtdrz"]
[Result "0-1"]
[WhiteElo "2090"]
[BlackElo "2310"]
[TimeControl "180+1"]
[EndTime "10:53:56 PST"]
[Termination "arjwezhrtdrz won by resignation"]

1. e4 e6 2. d4 d5 3. Nc3 dxe4 4.
Nxe4 Bd7 5. Be3 Bc6 6. Bd3 Nd7 7. Nf3 Ngf6 8. Nxf6+ Qxf6 9. Qe2 Bxf3 10. gxf3 O-O-O 11. h4 h6 12. O-O-O Bd6 13. Be4 Nb6 14. c4 Bf4 15. c5 Nd5 16. Bxd5 Rxd5 17. Kb1 Rhd8 18. Rd3 Bxe3 19. fxe3 e5 20. Rhd1 Qxh4 21. dxe5 Rxd3 22.
Rxd3 Rxd3 23. Qxd3 Qe1+ 24. Kc2 Qf2+ 25. Kc3 Qxf3 26. Qd4 Qf5 27. b4 a6 28. a4 f6 29.
exf6 Qxf6 30. Qxf6 gxf6 31. Kd4 Kd7 32. b5 c6 33.
bxa6 bxa6 34. a5 Ke6 35. Ke4 f5+ 36. Kf4 Kf6 37. e4 fxe4 38. Kxe4 Ke6 39. Kd4 Kf5 40.
Kd3 Ke5 41. Ke3 Kd5 0-1

[Event "*** Titled Tuesday Blitz"]
[Site "Chess.com"]
[Date "2020.12.01"]
[Round "5"]
[White "akanga001"]
[Black "coco_crc"]
[Result "0-1"]
[WhiteElo "1938"]
[BlackElo "2181"]
[TimeControl "180+1"]
[EndTime "10:53:56 PST"]
[Termination "coco_crc won by checkmate"]

1. d4 Nf6 2. c4 e5 3. dxe5 Ng4 4. Nf3 Bc5 5. e3 Nc6 6. Be2 Ngxe5 7. O-O O-O 8. Nc3 Re8 9. a3 a5 10. Nd5 Nxf3+ 11.
Bxf3 Ne5 12. Be2 Ra6 13. Rb1 Rh6 14. e4 Rg6 15. b4 axb4 16. axb4 Ba7 17. Bh5 Rge6 18.
c5 d6 19. f4 Nd7 20. Bg4 Rxe4 21. Bf5 dxc5 22. Bxe4 Rxe4 23. bxc5 Nxc5 24. Kh1 Be6 25. Nc3 Rd4 26. Qh5 Nd3 27. Be3 g6 28. Qh6 Bb6 29. Bxd4 Qxd4 30. Nb5 Nf2+ 31. Rxf2 Qxf2 32. Rd1 Bd5 33.
Nc3 Qxg2# 0-1

[Event "*** Titled Tuesday Blitz"]
[Site "Chess.com"]
[Date "2020.12.01"]
[Round "5"]
[White "rasmussvane"]
[Black "Valeron76"]
[Result "1-0"]
[WhiteElo "2883"]
[BlackElo "2546"]
[TimeControl "180+1"]
[EndTime "10:53:57 PST"]
[Termination "rasmussvane won by resignation"]

1. Nf3 g6 2. e4 Bg7 3. d4 d6 4.
Bd3 Nf6 5. h3 O-O 6. O-O Nc6 7.
d5 Nb4 8. c4 Nxd3 9. Qxd3 c6 10.
Nc3 cxd5 11. exd5 Bf5 12. Qe2 e5 13. dxe6 Bxe6 14. Nd4 Qc8 15. Nxe6 Qxe6 16. Qxe6 fxe6 17. Rd1 Rfd8 18. Nb5 Rac8 19. Rxd6 a6 20. Rxd8+ Rxd8 21. Nc3 Rc8 22. Be3 Rxc4 23. Rd1 Rc7 24. Bd4 Rd7 25.
Kf1 Kf7 26. Ke2 b5 27. Bxf6 Rxd1 28. Kxd1 Bxf6 29. Kc2 Bd4 30. Ne4 Ke7 31. b3 h6 32.
Kd3 Bb6 33. f3 Kd7 34. Nf6+ Kd6 35. Ke4 h5 36. Kf4 Ke7 37. Kg5 Be3+ 38. Kxg6 h4 39. Ne4 1-0

[Event "*** Titled Tuesday Blitz"]
[Site "Chess.com"]
[Date "2020.12.01"]
[Round "5"]
[White "Pelopidass"]
[Black "CM_rui"]
[Result "1-0"]
[WhiteElo "2562"]
[BlackElo "2375"]
[TimeControl "180+1"]
[EndTime "10:53:57 PST"]
[Termination "Pelopidass won by checkmate"]

1. e4 e5 2. Nf3 Nc6 3. Bb5 a6 4. Ba4 Nf6 5. O-O Be7 6. Bxc6 dxc6 7. d3 Bg4 8. h3 h5 9. hxg4 hxg4 10.
Nh2 g3 11. Ng4 Nxg4 12. Qxg4 gxf2+ 13. Kxf2 Bc5+ 14. Ke2 Qd4 15. Nc3 b5 16. Nd1 Qd6 17. Be3 g6 18. Bxc5 Qxc5 19. Ne3 Qd6 20. Rf3 a5 21. Raf1 Qe7 22. Rxf7 Qxf7 23. Rxf7 Kxf7 24. Qd7+ Kf6 25. Ng4+ Kg5 26. Nxe5 Rhf8 27. Qg4+ Kf6 28. Nd7+ Ke7 29. Nxf8 Rxf8 30. Qxg6 c5 31. Qc6 c4 32. Qxc7+ Ke6 33. Qc6+ Ke5 34. Qc5+ Ke6 35. Qxf8 cxd3+ 36. Kxd3 b4 37. Kd4 a4 38. e5 b3 39. Qf6+ Kd7 40.
cxb3 a3 41. bxa3 Ke8 42. Qg7 Kd8 43. Kd5 Kc8 44. Kc6 Kb8 45. Qb7# 1-0

[Event "*** Titled Tuesday Blitz"]
[Site "Chess.com"]
[Date "2020.12.01"]
[Round "5"]
[White "eCztery"]
[Black "PotapovaM"]
[Result "1-0"]
[WhiteElo "2337"]
[BlackElo "2578"]
[TimeControl "180+1"]
[EndTime "10:53:57 PST"]
[Termination "eCztery won by checkmate"]

1. e4 c5 2. Nf3 d6 3. d4 cxd4 4.
Qxd4 Nc6 5. Bb5 Bd7 6. Bxc6 Bxc6 7. Nc3 Nf6 8. Bg5 e6 9. O-O-O Be7 10. Rhe1 O-O 11. Kb1 Qc7 12. Qd2 b5 13. Nd4 b4 14.
Ncb5 Qb6 15. Nxc6 Qxc6 16. Nxd6 Rfd8 17. e5 Bxd6 18. Bxf6 gxf6 19. exd6 a5 20. Re3 Kf8 21. Rg3 Ke8 22. Qf4 f5 23. d7+ Ke7 24. Qg5+ Kf8 25.
b3 Ra7 26. Qxd8# 1-0

[Event "*** Titled Tuesday Blitz"]
[Site "Chess.com"]
[Date "2020.12.01"]
[Round "5"]
[White "anon219"]
[Black "Beltraxtor"]
[Result "1-0"]
[WhiteElo "2770"]
[BlackElo "2560"]
[TimeControl "180+1"]
[EndTime "10:53:59 PST"]
[Termination "anon219 won by checkmate"]

1. e4 e5 2. Bc4 Nf6 3. Nc3 Bc5 4.
d3 Nc6 5. f4 d6 6. Nf3 a6 7. f5 h6 8. Qe2 Na5 9. Bb3 Nxb3 10.
axb3 Bd7 11. Be3 Qe7 12. O-O Bxe3+ 13. Qxe3 c5 14. h3 Bc6 15. g4 O-O-O 16. b4 cxb4 17. Na4 Kb8 18. Qb6 g6 19. fxg6 fxg6 20. Qxb4 g5 21. Nb6 h5 22. Nxg5 hxg4 23. Rxa6 gxh3 24. Ra8+ Kc7 25. Rxd8 Kxd8 26. Kh1 Ng4 27. Nf7+ Kc7 28. Qa5 Qh4 29. Nd5+ Kd7 30. Qc7+ Ke8 31. Nxd6# 1-0

[Event "*** Titled Tuesday Blitz"]
[Site "Chess.com"]
[Date "2020.12.01"]
[Round "5"]
[White "anon569"]
[Black "TheKingDoctor"]
[Result "1-0"]
[WhiteElo "2276"]
[BlackElo "2066"]
[TimeControl "180+1"]
[EndTime "10:54:00 PST"]
[Termination "anon569 won by resignation"]

1. e4 c5 2. Nf3 g6 3. d4 cxd4 4.
Qxd4 Nf6 5. Nc3 Nc6 6. Qa4 Bg7 7. e5 Ng8 8. Bf4 Qa5 9. Qxa5 Nxa5 10. Nb5 Kd8 11.
e6 d6 12. exf7 Nh6 13. Ng5 Nc6 14. O-O-O Ne5 15. Nd4 Nexf7 16. Nge6+ Bxe6 17. Nxe6+ Kd7 18.
Nxg7 Rhg8 19. Bb5+ Kc7 20. Ne6+ Kb6 21. Bc4 a6 22.
Be3+ Ka5 23. c3 b5 24. b4+ Ka4 25. Bb3+ Ka3 26. Kc2 1-0

[Event "*** Titled Tuesday Blitz"]
[Site "Chess.com"]
[Date "2020.12.01"]
[Round "5"]
[White "2nd_life"]
[Black "Vuk2000"]
[Result "1-0"]
[WhiteElo "2555"]
[BlackElo "2714"]
[TimeControl "180+1"]
[EndTime "10:54:01 PST"]
[Termination "2nd_life won on time"]

1. e4 e6 2. Nf3 d5 3. e5 c5 4. b4 cxb4 5. a3 Nc6 6. d4 Nh6 7. Bxh6 gxh6 8. axb4 Bxb4+ 9. c3 Be7 10. Bd3 Bd7 11. Qd2 Bg5 12. Nxg5 hxg5 13. h4 gxh4 14.
Qf4 Qe7 15. Rxh4 O-O-O 16. Rh6 Rdg8 17. g3 Qg5 18. Qxg5 Rxg5 19. Nd2 Rg7 20. O-O-O Kc7 21.
Rdh1 a5 22. Kb2 b5 23. Nb3 b4 24. Nc5 bxc3+ 25. Kxc3 Bc8 26. Bb5 Na7 27. Ba4 Bb7 28. Rxe6 Kc8 29. Re7 1-0

[Event "*** Titled Tuesday Blitz"]
[Site "Chess.com"]
[Date "2020.12.01"]
[Round "5"]
[White "WonderChampion"]
[Black "lelya96"]
[Result "0-1"]
[WhiteElo "2019"]
[BlackElo "2224"]
[TimeControl "180+1"]
[EndTime "10:54:02 PST"]
[Termination "lelya96 won on time"]

1. d4 d5 2. Nf3 Nf6 3. e3 e6 4.
Bd3 Bd6 5. c4 c6 6. c5 Bc7 7.
Nc3 Nbd7 8. O-O e5 9. Bc2 O-O 10. Re1 Qe7 11. Ng5 h6 12. Nf3 Re8 13. Nh4 Nf8 14.
Nf5 Bxf5 15. Bxf5 e4 16. Bh3 b6 17. cxb6 axb6 18. f3 Qd6 19. g3 exf3 20. Qxf3 N8h7 21. Bf5 Ng5 22. Qf1 g6 23. Bd3 Kg7 24. Re2 h5 25.
Bd2 Rh8 26. Rc1 h4 27. Rg2 hxg3 28. hxg3 Nh3+ 29. Kh1 Nf4+ 30. Kg1 Nxg2 31. Qxg2 Ng4 32. Rf1 Qxg3 33. Qxg3 Bxg3 34. Rf3 Bd6 0-1

[Event "*** Titled Tuesday Blitz"]
[Site "Chess.com"]
[Date "2020.12.01"]
[Round "5"]
[White "kirillshevchenko"]
[Black "NiranjanNavalgund"]
[Result "1-0"]
[WhiteElo "2852"]
[BlackElo "2437"]
[TimeControl "180+1"]
[EndTime "10:54:03 PST"]
[Termination "kirillshevchenko won by resignation"]

1. e4 e5 2. d3 Nf6 3. f4 exf4 4. Bxf4 d5 5. e5 Nfd7 6. Nf3 c5 7. Nc3 Nb6 8. Be2 Nc6 9. O-O Be7 10. Qe1 Be6 11. Qg3 g6 12. Nb5 h6 13. Nd6+ Kd7 14.
Nxb7 Qc7 15. Nd6 g5 16. Be3 Bxd6 17. exd6 Qxd6 18. Qf2 d4 19. Bd2 f5 20. c3 Rae8 21. b4 cxb4 22. cxb4 Qd5 23. b5 Qxb5 24. Nxd4 Nxd4 25.
Qxd4+ Qd5 26. Qg7+ Bf7 27. Bf3 Qe6 28. Rfe1 Qg6 29.
Qd4+ Qd6 30. Qg7 Qg6 31. Qb2 Rxe1+ 32. Rxe1 Re8 33. Qb5+ Kd8 34. Rc1 Qd6 35. Qxf5 Bd5 36. Ba5 Bxf3 37. Qc8+ Ke7 38. Re1+ Kf6 39. Qxe8 Qc5+ 40.
Qe3 Qxe3+ 41. Rxe3 Bd5 42. Bxb6 axb6 43. a3 1-0

[Event "*** Titled Tuesday Blitz"]
[Site "Chess.com"]
[Date "2020.12.01"]
[Round "5"]
[White "stepanosinovsky"]
[Black "yonaltimur"]
[Result "1-0"]
[WhiteElo "2296"]
[BlackElo "1786"]
[TimeControl "180+1"]
[EndTime "10:54:04 PST"]
[Termination "stepanosinovsky won on time"]

1. e4 c5 2. Nf3 e6 3. d4 cxd4 4.
Nxd4 a6 5. Nc3 Qc7 6. Bd3 b5 7. O-O Nf6 8. Qf3 Bb7 9. Bf4 d6 10. Rad1 e5 11. Bxb5+ axb5 12. Ndxb5 Qb6 13. Bg5 Be7 14. Rd2 O-O 15. Rfd1 Rd8 16. Nxd6 Na6 17. Nf5 Bf8 18. Qg3 Rxd2 19. Rxd2 Nxe4 20. Nxe4 Bxe4 21. Nh6+ 1-0

[Event "*** Titled Tuesday Blitz"]
[Site "Chess.com"]
[Date "2020.12.01"]
[Round "5"]
[White "Gloomy_Wanderer"]
[Black "GP9isback23"]
[Result "1-0"]
[WhiteElo "2709"]
[BlackElo "2513"]
[TimeControl "180+1"]
[EndTime "10:54:05 PST"]
[Termination "Gloomy_Wanderer won by resignation"]

1. d4 Nf6 2. Nf3 e6 3. c4 b6 4. g3 Bb7 5. Bg2 Be7 6. O-O O-O 7. Re1 a5 8. Bg5 d6 9. Bxf6 Bxf6 10. Qc2 g6 11. Nc3 Nd7 12. e3 Bg7 13. Nd2 Bxg2 14.
Kxg2 f5 15. Nf3 Qe7 16. Rad1 Rae8 17. Qa4 g5 18. Qc6 g4 19. Ng1 Nf6 20. Nge2 Rf7 21. Nf4 Qd7 22. Qxd7 Rxd7 23. e4 fxe4 24. Nxe4 Nxe4 25.
Rxe4 e5 26. Nh5 Kh8 27. Rxg4 exd4 28. Nxg7 Rxg7 29. Rgxd4 Re2 30. R4d2 Rge7 31. Kf1 R2e4 32. b3 Kg7 33. Rc1 h5 34. Rc3 Kg6 35. Kg2 Re2 36. Rcd3 Re1 37. Rd5 R1e5 38. Rxe5 Rxe5 39. Kf1 Re8 40.
Re2 1-0

[Event "*** Titled Tuesday Blitz"]
[Site "Chess.com"]
[Date "2020.12.01"]
[Round "5"]
[White "Sergienko_Sergey"]
[Black "Fh2411"]
[Result "1/2-1/2"]
[WhiteElo "2358"]
[BlackElo "2549"]
[TimeControl "180+1"]
[EndTime "10:54:05 PST"]
[Termination "Game drawn by repetition"]

1. e4 c5 2. Nf3 e6 3. d3 b5 4.
g3 Bb7 5. Bg2 Nc6 6. O-O d6 7.
c3 Nf6 8. Re1 Be7 9. d4 O-O 10.
Nbd2 Qb6 11. Nf1 Rfd8 12. d5 Ne5 13. dxe6 Nxf3+ 14. Qxf3 fxe6 15. Qe2 Qc6 16. Bg5 h6 17. Bxf6 Bxf6 18. Ne3 Qb6 19. Rad1 a5 20. Ng4 Be7 21. f4 c4+ 22. Kh1 Rac8 23. f5 e5 24. f6 Bxf6 25. Nxf6+ gxf6 26. Qg4+ Kh7 27. Qf5+ Kg7 28. Qg4+ Kh7 29.
Qf5+ Kg7 30. Rf1 Rf8 31. Qg4+ Kh7 32. Qf5+ Kg7 33. Qg4+ Kh7 34. Qf5+ Kg7 1/2-1/2

[Event "*** Titled Tuesday Blitz"]
[Site "Chess.com"]
[Date "2020.12.01"]
[Round "5"]
[White "tolimachess"]
[Black "CoachHakia"]
[Result "1-0"]
[WhiteElo "2497"]
[BlackElo "2144"]
[TimeControl "180+1"]
[EndTime "10:54:05 PST"]
[Termination "tolimachess won on time"]

1. e4 d5 2. exd5 Qxd5 3. Nc3 Qa5 4. d4 Nf6 5. Nf3 Bf5 6. Ne5 c6 7. Bf4 e6 8. Nc4 Qd8 9. Qd2 Nd5 10. Nxd5 cxd5 11.
Ne3 Bg6 12. h4 h6 13. h5 Bh7 14. Bd3 Bxd3 15. Qxd3 Nc6 16. O-O-O Qa5 17. Kb1 Rc8 18. c4 Be7 19. cxd5 exd5 20. Nf5 O-O 21. Bxh6 gxh6 22. Qg3+ Bg5 23. Nxh6+ Kh7 24. Qxg5 Nb4 25. a3 Nc2 26. Ng4 Nxa3+ 27. bxa3 Qb6+ 28. Ka1 Rc2 29. Nf6+ 1-0

[Event "*** Titled Tuesday Blitz"]
[Site "Chess.com"]
[Date "2020.12.01"]
[Round "5"]
[White "LPSupi"]
[Black "Kolle05"]
[Result "1-0"]
[WhiteElo "2886"]
[BlackElo "2441"]
[TimeControl "180+1"]
[EndTime "10:54:06 PST"]
[Termination "LPSupi won by checkmate"]

1. e4 c5 2. Nf3 d6 3. d4 cxd4 4. Nxd4 Nf6 5. Nc3 a6 6. h3 e5 7. Nde2 h5 8. Bg5 Be6 9. Bxf6 Qxf6 10. Nd5 Qd8 11. Qd3 Nd7 12. O-O-O Rc8 13. Kb1 b5 14. f4 Bxd5 15. Qxd5 Qc7 16. Qd2 Nf6 17. Nc3 exf4 18. Bd3 Be7 19. Qxf4 b4 20. Nd5 Nxd5 21. exd5 Qb6 22. g4 h4 23. Rhf1 f6 24. Bg6+ Kf8 25.
Qf5 Rc5 26. Qe6 Qd8 27. Qf7# 1-0

[Event "*** Titled Tuesday Blitz"]
[Site "Chess.com"]
[Date "2020.12.01"]
[Round "5"]
[White "sbouchet"]
[Black "Taktikmonster"]
[Result "1-0"]
[WhiteElo "2385"]
[BlackElo "2205"]
[TimeControl "180+1"]
[EndTime "10:54:07 PST"]
[Termination "sbouchet won on time"]

1. e4 c5 2. c3 Nf6 3. e5 Nd5 4.
d4 cxd4 5. Nf3 e6 6. cxd4 d6 7.
Be2 Nc6 8. O-O Be7 9. Nbd2 O-O 10. Nc4 dxe5 11. dxe5 b5 12. Ne3 a6 13. Nxd5 Qxd5 14.
Qxd5 exd5 15. Bf4 Be6 16. Rfd1 Rfd8 17. Nd4 Nxd4 18. Rxd4 Bc5 19. Rd2 d4 20. a3 Rac8 21. Rad1 Bb3 22. Rc1 Bb6 23. Rxc8 Rxc8 24. g4 Rc2 25.
Bd3 Rc1+ 26. Kg2 Ba5 27. Re2 Rc5 28. Bd2 Bxd2 29. Rxd2 Rxe5 30. f4 Rd5 31. Be4 Rd6 32.
Kf3 Kf8 33. h4 g6 34. h5 Ke7 35. h6 Kd7 36. f5 Bc4 37. Kf4 gxf5 38. Bxf5+ Ke7 39.
Bxh7 Rxh6 40. Bf5 Rd6 41. Ke5 f6+ 42. Ke4 d3 43. Ke3 1-0

[Event "*** Titled Tuesday Blitz"]
[Site "Chess.com"]
[Date "2020.12.01"]
[Round "5"]
[White "anpospan"]
[Black "LamaChampetre"]
[Result "1-0"]
[WhiteElo "2401"]
[BlackElo "2218"]
[TimeControl "180+1"]
[EndTime "10:54:08 PST"]
[Termination "anpospan won by checkmate"]

1. d4 Nf6 2. c4 g6 3. Nc3 d5 4.
cxd5 Nxd5 5. e4 Nxc3 6. bxc3 Bg7 7. Bb5+ c6 8. Ba4 O-O 9. Bb3 c5 10. Be3 Nc6 11. Ne2 cxd4 12. cxd4 Qa5+ 13. Kf1 Rd8 14. d5 Ne5 15. h3 b5 16. Rc1 Ba6 17. Nd4 Nc4 18.
Bxc4 bxc4 19. Nc6 Qxa2 20. Nxd8 Rxd8 21. Kg1 Bb2 22. Rc2 c3 23. Kh2 Bc4 24. Qd4 Bb3 25. Bh6 f6 26. e5 Rxd5 27. Qb4 Rxe5 28. Qb8+ Kf7 29. Qh8 Ke6 30. Qxh7 Bxc2 31. Qg8+ Kf5 32. Qxa2 g5 33. Bf8 Re2 34. g4+ Kg6 35. Qg8# 1-0

[Event "*** Titled Tuesday Blitz"]
[Site "Chess.com"]
[Date "2020.12.01"]
[Round "5"]
[White "Abdimalik_Abdisalimov"]
[Black "enriquebutti"]
[Result "0-1"]
[WhiteElo "2696"]
[BlackElo "2068"]
[TimeControl "180+1"]
[EndTime "10:54:10 PST"]
[Termination "enriquebutti won on time"]

1. d4 Nf6 2. c4 e6 3. g3 d5 4. Bg2 Bb4+ 5. Bd2 Be7 6. Nf3 c6 7. O-O Nbd7 8. Nc3 O-O 9. Qc2 dxc4 10. Rfd1 b5 11. Ne5 Nxe5 12. dxe5 Nd5 13. Be1 Qb6 14. a4 b4 15. Ne4 Ba6 16. Nd6 Bxd6 17. exd6 f5 18. e4 fxe4 19. Qxe4 Rae8 20. Bf1 c3 21. Bxa6 Qxa6 22. bxc3 bxc3 23. Rac1 c5 24.
Bxc3 Qxd6 25. Be5 Qe7 26. f4 Kh8 27. Qc4 Rc8 28. Rb1 Ne3 29. Qe4 Nxd1 30. Rxd1 Rfd8 31.
Rb1 Qd7 32. Rb7 Qd1+ 33. Kg2 Rd7 34. Rxd7 Qxd7 35. Qc4 Qd5+ 36. Qxd5 exd5 37. Kf2 c4 38. Ke3 c3 0-1

[Event "*** Titled Tuesday Blitz"]
[Site "Chess.com"]
[Date "2020.12.01"]
[Round "5"]
[White "carloseduar100"]
[Black "javirec"]
[Result "0-1"]
[WhiteElo "2045"]
[BlackElo "2376"]
[TimeControl "180+1"]
[EndTime "10:54:10 PST"]
[Termination "javirec won on time"]

1. d4 Nf6 2. Bg5 g6 3. Bxf6 exf6 4. e3 Bg7 5. Nd2 O-O 6. Bd3 d6 7. h4 Nd7 8. h5 f5 9. hxg6 hxg6 10. Qf3 Nf6 11.
Ne2 Re8 12. O-O-O Qe7 13. Rh4 Ne4 14. Rdh1 Nxd2 15. Kxd2 c5 16. Kc1 Bd7 17. Rh7 Bc6 18.
Qh3 Qf6 19. Kb1 b5 20. Nf4 a5 21. Bxf5 cxd4 22. exd4 Qxd4 23. c3 Be4+ 24. Bxe4 Qxe4+ 25. Ka1 Qe1+ 0-1

[Event "*** Titled Tuesday Blitz"]
[Site "Chess.com"]
[Date "2020.12.01"]
[Round "5"]
[White "PaulfromSPb"]
[Black "Stosk"]
[Result "1-0"]
[WhiteElo "2676"]
[BlackElo "2401"]
[TimeControl "180+1"]
[EndTime "10:54:11 PST"]
[Termination "PaulfromSPb won by resignation"]

1. e4 e5 2. Nf3 Nf6 3. Nxe5 Nxe4 4. Qe2 Qe7 5. Qxe4 d6 6. d4 dxe5 7. dxe5 Nc6 8. Bf4 g5 9. Bg3 f5 10. Qe2 f4 11. Qh5+ Qf7 12. Qxg5 fxg3 13. hxg3 Nd4 14. Bd3 Bf5 15. Bxf5 Qxf5 16. Qxf5 Nxf5 17. Nd2 O-O-O 18. O-O-O Bg7 19. Rh5 Nd4 20. Re1 Rhe8 21. f4 h6 22. c3 Nc6 23. Kc2 Rd5 24. Re2 Rg8 25. Ne4 Rdd8 26.
Rf5 Ne7 27. Rf7 Bf8 28. Nf6 Rxg3 29. e6 Nc6 30. f5 Be7 31. Ne4 Rg4 32. f6 Re8 33. fxe7 Rxe7 34. Rf8+ Nd8 35. Rd2 b6 36. Rfxd8+ Kb7 37. Nf6 Rg6 38. Nd5 Rexe6 39. Nf4 Rd6 40. Nxg6 1-0

[Event "*** Titled Tuesday Blitz"]
[Site "Chess.com"]
[Date "2020.12.01"]
[Round "5"]
[White "lucachess49"]
[Black "SaqoChess_Twitch"]
[Result "1-0"]
[WhiteElo "2363"]
[BlackElo "2498"]
[TimeControl "180+1"]
[EndTime "10:54:11 PST"]
[Termination "lucachess49 won by checkmate"]

1. d4 d5 2. c4 e6 3. Nc3 Nf6 4. cxd5 exd5 5. Bg5 c6 6. e3 Qb6 7. Qd2 Ne4 8. Nxe4 dxe4 9. Ne2 Bf5 10. Nc3 Bd6 11. Bc4 O-O 12. Bh4 Nd7 13. Bg3 Bxg3 14. hxg3 Rae8 15. Bb3 c5 16. Na4 Qb4 17. Nxc5 Qxd2+ 18.
Kxd2 Nxc5 19. dxc5 Rd8+ 20. Ke2 Rd3 21. Rhd1 Rfd8 22. Rxd3 Rxd3 23. Rd1 Bg4+ 24. f3 Rxd1 25. Bxd1 exf3+ 26. gxf3 Bd7 27. e4 Kf8 28. Ke3 Ke7 29.
Bb3 h5 30. Bd5 Bc8 31. b4 g5 32. f4 f6 33. e5 gxf4+ 34. Kxf4 fxe5+ 35. Kxe5 b6 36. cxb6 axb6 37. a4 Ba6 38. Bc6 Be2 39. Bb7 Bd1 40. a5 bxa5 41. bxa5 Be2 42. a6 Bxa6 43. Bxa6 h4 44. g4 h3 45. Bb7 h2 46. Kf4 Kf6 47.
Kg3 Kg6 48. Kxh2 Kg5 49. Kg3 Kf6 50. Kf4 Kg6 51. g5 Kg7 52. Kf5 Kf7 53. g6+ Kg7 54.
Kg5 Kg8 55. Kf6 Kf8 56. g7+ Ke8 57. g8=Q+ Kd7 58. Qf7+ Kd6 59. Qe7# 1-0

[Event "*** Titled Tuesday Blitz"]
[Site "Chess.com"]
[Date "2020.12.01"]
[Round "5"]
[White "Qvalda"]
[Black "ZenBull"]
[Result "0-1"]
[WhiteElo "2439"]
[BlackElo "2198"]
[TimeControl "180+1"]
[EndTime "10:54:11 PST"]
[Termination "ZenBull won by checkmate"]

1. e4 c5 2. d3 g6 3. g3 Bg7 4. Bg2 d6 5. f4 Nc6 6. Nf3 e5 7. O-O Nge7 8. Nh4 f5 9. exf5 Nxf5 10. Nxf5 Bxf5 11. Bd5 Qe7 12. Nc3 Be6 13. Qf3 Rc8 14.
Be3 O-O 15. Bxe6+ Qxe6 16. Qd5 Qxd5 17. Nxd5 exf4 18. Bxf4 Bxb2 19. Rab1 Bd4+ 20. Kg2 b6 21. Bxd6 Rxf1 22. Rxf1 Rd8 23. Ne7+ Nxe7 24. Bxe7 Re8 25. Bg5 Re2+ 26. Kh3 Rxc2 27. a4 Ra2 28. Re1 h5 29.
Re6 Kf7 30. Re7+ Kf8 31. Rxa7 Bg1 32. g4 Bxh2 33. gxh5 gxh5 34. Bd8 Bb8 35. Ra8 Rh2# 0-1

[Event "*** Titled Tuesday Blitz"]
[Site "Chess.com"]
[Date "2020.12.01"]
[Round "5"]
[White "NMZanette"]
[Black "Alindsay211"]
[Result "1-0"]
[WhiteElo "2257"]
[BlackElo "2396"]
[TimeControl "180+1"]
[EndTime "10:54:13 PST"]
[Termination "NMZanette won by resignation"]

1. e4 c5 2. Nc3 d6 3. f4 Nc6 4. Nf3 Nf6 5. Bc4 e6 6. O-O d5 7. exd5 exd5 8. Re1+ Be7 9. Bb5 O-O 10. Bxc6 bxc6 11. Ne5 c4 12. Kh1 Bb7 13. d4 cxd3 14. Qxd3 Nd7 15. Bd2 Bf6 16. Rad1 Re8 17. Nxd7 Qxd7 18.
Na4 Qd6 19. b4 Re6 20. Rxe6 fxe6 21. Nc5 Bc8 22. Re1 e5 23. fxe5 Bxe5 24. Qe3 Bf6 25. Qe8+ Qf8 26. Qxc6 Rb8 27. Re8 1-0

[Event "*** Titled Tuesday Blitz"]
[Site "Chess.com"]
[Date "2020.12.01"]
[Round "5"]
[White "AvitalBor"]
[Black "BigAl"]
[Result "1-0"]
[WhiteElo "2686"]
[BlackElo "2468"]
[TimeControl "180+1"]
[EndTime "10:54:15 PST"]
[Termination "AvitalBor won by resignation"]

1. e4 c6 2. d4 d5 3. e5 Bf5 4.
Nf3 e6 5. Be2 Ne7 6. c4 dxc4 7.
Nbd2 Ng6 8. Nxc4 Be7 9. O-O O-O 10. Be3 Nd7 11. Nfd2 b5 12. Nd6 Bxd6 13. exd6 e5 14.
Rc1 exd4 15. Bxd4 c5 16. Bxc5 Nxc5 17. Rxc5 Be6 18. Nb3 a6 19. Bf3 Ra7 20. Qd4 Rd7 21. Rc6 Bxb3 22. axb3 Qg5 23. Rxa6 Rfd8 24. Rd1 h6 25.
Qd5 Qf6 26. Ra8 Ne5 27. Be4 Ng4 28. Qf5 Qxf5 29. Bxf5 Rxa8 30. Bxd7 Nf6 31. Bxb5 Rd8 32.
f3 Kf8 33. Kf2 Rb8 34. d7 Rd8 35. Re1 Nxd7 36. Rd1 Rb8 37. Bxd7 Rxb3 38. Rd2 Rb7 39.
Bc6 Rb6 40. Bd5 Ke7 41. Bc4 1-0

[Event "*** Titled Tuesday Blitz"]
[Site "Chess.com"]
[Date "2020.12.01"]
[Round "5"]
[White "TheCavemanChesss"]
[Black "superchess02"]
[Result "0-1"]
[WhiteElo "2479"]
[BlackElo "2770"]
[TimeControl "180+1"]
[EndTime "10:54:15 PST"]
[Termination "superchess02 won by resignation"]

1. e4 e5 2. Nf3 Nc6 3. Bb5 a6 4. Ba4 Nf6 5. O-O Be7 6. Re1 b5 7. Bb3 d6 8. c3 O-O 9. d4 Bg4 10.
Be3 exd4 11. cxd4 Na5 12. Bc2 c5 13. d5 Nc4 14. Bc1 Nd7 15. h3 Bh5 16. Nc3 Bf6 17.
g4 Bg6 18. Rb1 Re8 19. Re2 Ndb6 20. Qe1 Bxc3 21. bxc3 Nxd5 22. Bg5 Qd7 23. Nh4 Ndb6 24. Nxg6 hxg6 25. Rd1 Qc6 26. Bf4 d5 27. e5 Re6 28.
Bg3 g5 29. Bf5 Re7 30. h4 g6 31. Bd3 Qe6 32. hxg5 Qxg4 33. Kg2 Rae8 34. Bxc4 bxc4 35.
f3 Qxg5 36. f4 Qg4 37. Rb2 Na4 38. Rc2 Qf5 39. Rf2 Rd7 40. Re2 d4 41. cxd4 cxd4 42. Qh1 Nc3 0-1